 Dungeon Crawl Stone Soup version 0.21-a0-140-g479285b (webtiles) character file.

25 Charly the Ruffian (level 2, 0/24 HPs)
             Began as a Centaur Skald on July 19, 2017.
             Succumbed to an adder's poison
             ... on level 3 of the Dungeon.
             The game lasted 00:05:17 (457 turns).

Charly the Ruffian (Centaur Skald)                   Turns: 457, Time: 00:05:18

Health: 0/24       AC:  5    Str: 13    XL:     2   Next: 86%
Magic:  2/4        EV:  9    Int: 12    God:
Gold:   39         SH:  0    Dex:  8    Spells: 3/4 levels left

rFire    + . .     SeeInvis .   e - +1 quarterstaff (speed)
rCold    + . .     Gourm    .   (shield currently unavailable)
rNeg     . . .     Faith    .   a - +0 leather armour
rPois    +         Spirit   .   (no helmet)
rElec    +         Reflect  .   j - +0 cloak (curse)
rCorr    +         Harm     .   (no gloves)
MR       .....                  (no barding)
Stlth    +.........             (no amulet)
HPRegen  0.08/turn              (no ring)
MPRegen  0.09/turn              (no ring)

@: lethally poisoned (0 -> -2), resistant, flying, very slightly contaminated,
very quick
A: hooves 3, deformed body, speed 2, tough skin 3
a: no special abilities


You were on level 3 of the Dungeon.
You were not hungry.

You visited 1 branch of the dungeon, and saw 4 of its levels.

You collected 39 gold pieces.

Inventory:

Hand Weapons
 e - a +1 quarterstaff of speed (weapon)
Armour
 a - a +0 leather armour (worn)
 j - a cursed +0 cloak (worn)
Scrolls
 d - a scroll of fog {unknown}
 f - a scroll of remove curse {unknown}
 i - a scroll of amnesia {unknown}
Books
 b - a book of Battle

   Spells                             Type                      Level
   a - Infusion                       Charms                       1
   b - Shroud of Golubria             Charms/Translocation         2
   c - Song of Slaying                Charms                       2
   d - Spectral Weapon                Hexes/Charms                 3
   e - Regeneration                   Charms/Necromancy            3
Comestibles
 c - a bread ration
 g - a meat ration


   Skills:
 + Level 2.0 Fighting
 - Level 0.6 Armour
 - Level 1.3 Dodging
 + Level 3.4 Unarmed Combat
 - Level 1.5 Spellcasting
 - Level 2.6 Charms


You had 3 spell levels left.
You knew the following spells:

 Your Spells              Type           Power        Failure   Level  Hunger
a - Infusion              Chrm           #...         12%         1    ##.....


Dungeon Overview and Level Annotations

Branches:
Dungeon (4/15)
 Temple: D:4-7

Altars:
Elyvilon
Uskayaw

Annotations:
D:2 Terence
D:4 p0werm0de's ghost, amateur VSWz


Innate Abilities, Weirdness & Mutations

You have hooves in place of feet.
Armour fits poorly on your strangely shaped body.
You cover ground very quickly.
You have extremely tough skin. (AC +3)


Message History

It was a potion of resistance.
You feel protected.
You feel sick. The adder bites you but does no damage. The adder bites you.
* * * LOW HITPOINT WARNING * * *
The kobold shoots a poisoned needle.
The poisoned needle hits you!
You see here a poisoned needle.
It was a potion of flight.
You feel very buoyant.
You fly up into the air.
* * * LOW HITPOINT WARNING * * *
You feel sick. The adder completely misses you.
Unknown command.
Your magical infusion is running out.
* * * LOW HITPOINT WARNING * * *
You feel sick.
* * * LOW HITPOINT WARNING * * *
You feel sick.
You are no longer magically infusing your attacks.
You die...

##### ....#
....# ....
##### ...
######...# ..
###..SS....#
.#
##...####...#
(######...##
#.@.#
.(........#
#####
....#######
...## ..##
.......
.......
##......
.....>


You could see an adder.

Vanquished Creatures
  An adder (D:2)
  A leopard gecko (D:1)
  A bat (D:2)
  A goblin (D:1)
  2 hobgoblins (D:1)
  4 jackals (D:4)
  2 kobolds
  A rat (D:1)
13 creatures vanquished.

Notes
Turn   | Place    | Note
-------+----------+-------------------------------------------
     0 | D:1      | Charly the Centaur Skald began the quest for the Orb.
     0 | D:1      | Reached XP level 1. HP: 17/17 MP: 3/3
    67 | D:2      | Reached XP level 2. HP: 13/24 MP: 0/4
    70 | D:2      | Noticed Terence
    85 | D:2      | Reached skill level 3 in Unarmed Combat
   277 | D:4      | Found a white marble altar of Elyvilon.
   390 | D:4      | Noticed an ogre
   391 | D:4      | Found a hide-covered altar of Uskayaw.
   422 | D:4      | Noticed p0werm0de's ghost (amateur VSWz)
   451 | D:3      | HP: 1/24 [poisoned by an adder]
   457 | D:3      | Succumbed to an adder's poison

Vault maps used:
D:1:      saegor_arrival_simple_e, hangedman_decor_clover_reticule,
          serial_bayou_ford_a
D:2:      corexii_shack, minmay_misc_feat_alley, uniq_crazy_yiuf_cottage,
          uniq_terence
D:3:      chequers_ecumenical_altar_simple_redux, minmay_parallelograms
D:4:      kennysheep_ying_yang, overflow_temple_1_default,
          eat_drink_and_be_merry_uskayaw, minmay_temple_entry_poolview,
          serial_shops, nicolae_shop_crystal, uniq_menkaure

Skill      XL: |  1  2 |
---------------+-------+-----
Unarmed Combat | 3 |  3.4
Fighting       | |  2.0
Armour         | |  0.6
Dodging        | |  1.3
Spellcasting   | |  1.5
Charms         | |  2.6

Action                   || total
-------------------------++-------
Melee: Unarmed           ||    18
       Kick              ||     7
       Quarterstaff      ||    20
 Cast: Infusion          ||     6
  Use: Potion            ||     2
Armor: Leather armour    ||    16
Dodge: Dodged            ||    15
